 Dungeon Crawl Stone Soup version 0.31-a0-233-g139696dc86 (webtiles) character file.

Game seed: 17259106328815461111

478 qw the Shooter (level 6, -10/53 HPs)
             Began as a Minotaur Hexslinger on July 8, 2023.
             Mangled by a two-headed ogre
             ... wielding a +0 giant spiked club
              (14 damage)
             ... on level 5 of the Dungeon.
             The game lasted 00:01:15 (3699 turns).

qw the Shooter (Minotaur Hexslinger)                Turns: 3699, Time: 00:01:16

Health: -10/53     AC:  9    Str: 12    XL:     6   Next: 86%
Magic:  6/6        EV: 12    Int: 10    God:
Gold:   168        SH:  0    Dex: 15    Spells: 6/7 levels left

rFire   . . .        Y - +1 sling
rCold   . . .        (no shield)
rNeg    . . .        b - +2 leather armour {rPois}
rPois   +            c - +2 hat
rElec   .            j - scarf {repulsion}
rCorr   .            (no gloves)
SInv    .            f - +1 pair of boots
Will    .....        (no amulet)
Stlth   +            (no ring)
HPRegen 0.28/turn    (no ring)
MPRegen 0.10/turn

%: repel missiles
@: no status effects
A: horns 2, retaliatory headbutt
a: no special abilities


You were on level 5 of the Dungeon.
You visited 1 branch of the dungeon, and saw 5 of its levels.

You collected 249 gold pieces.
You spent 81 gold pieces at shops.


Innate Abilities, Weirdness & Mutations

You have a pair of horns on your head.
You reflexively headbutt those who attack you in melee.


   Skills:
 - Level 4.4 Fighting
 + Level 7.0 Ranged Weapons
 - Level 1.0 Armour
 - Level 2.1 Dodging
 - Level 1.0 Spellcasting
 - Level 2.0 Hexes


You had 6 spell levels left.
You knew the following spells:

 Your Spells              Type           Power      Damage    Failure   Level
a - Slow                  Hex            16%        N/A       19%         1

Your spell library contained the following spells:

 Spells                   Type           Power      Damage    Failure   Level
 Inner Flame              Hex/Fire       2%         N/A       65%         3
 Portal Projectile        Hex/Tloc       4%         N/A       65%         3
 Cause Fear               Hex            2%         N/A       88%         4

Inventory:

Hand Weapons
 Y - a +1 sling (weapon)
Armour
 b - a +2 leather armour of poison resistance (worn)
 c - a +2 hat (worn)
 f - a +1 pair of boots (worn)
 j - a scarf of repulsion (worn)
Wands
 g - a wand of digging (4)
Scrolls
 a - 2 scrolls of identify
Potions
 d - a potion of mutation {unknown}
 h - a potion of haste
 i - 3 potions of curing

Dungeon Overview and Level Annotations

Branches:
Dungeon (5/15)
 Temple: D:4-7

Altars:
Fedhas
Vehumet
Xom
Yredelemnul
The Shining One

Shops:
D:2 [   D:4 [


Message History

a - 2 scrolls of identify (gained 1)
There is a basalt altar of Yredelemnul here.
A two-headed ogre comes into view.
It is wielding a +0 giant spiked club and a +0 dire flail.
The two-headed ogre shouts in stereo!
Enter note:
Enter note: You shoot a sling bullet.
The sling bullet hits the two-headed ogre.
The two-headed ogre is lightly wounded.
You shoot a sling bullet.
The sling bullet barely misses the two-headed ogre.
You shoot a sling bullet.
The sling bullet hits the two-headed ogre.
The two-headed ogre is lightly wounded.
You shoot a sling bullet.
The sling bullet hits the two-headed ogre.
The two-headed ogre is lightly wounded.
You shoot a sling bullet.
The sling bullet hits the two-headed ogre.
The two-headed ogre is moderately wounded.
You shoot a sling bullet.
The sling bullet barely misses the two-headed ogre.
The two-headed ogre closely misses you.
The two-headed ogre hits you with a +0 dire flail!
You shoot a sling bullet.
The sling bullet barely misses the two-headed ogre.
You shoot a sling bullet.
The sling bullet barely misses the two-headed ogre.
The two-headed ogre hits you with a +0 giant spiked club!!
The two-headed ogre hits you with a +0 dire flail!!
You shoot a sling bullet.
The sling bullet hits the two-headed ogre.
The two-headed ogre is moderately wounded.
The two-headed ogre closely misses you. The two-headed ogre barely misses you.
You shoot a sling bullet.
The sling bullet barely misses the two-headed ogre.
The two-headed ogre completely misses you.
You furiously retaliate!
You headbutt the two-headed ogre.
The two-headed ogre hits you with a +0 dire flail!
You die...

####### #.....#####..
#####............
......_8_...##...
###..O@..####...
.................##
###############.##.#####...##
...........# #. #.# .....
##########.# #. #.#####.....
###........# #. #.##........
......###..####.##...........
......# #....##..............
.....<+ #.##.########........


You could see a two-headed ogre.

Vanquished Creatures
  A black bear (D:5)
  2 phantoms
  A scorpion (D:5)
  A hound (D:5)
  Ijyb (D:4)
  A statue (D:4)
  4 adders
  2 worms
  7 ball pythons
  4 bats
  6 endoplasms
  4 giant cockroaches
  5 goblins
  3 hobgoblins
  5 jackals (D:4)
  5 quokkas
  9 frilled lizards
  4 kobolds
  3 rats (D:2)
68 creatures vanquished.

Notes
Turn   | Place    | Note
-------+----------+-------------------------------------------
     0 | D:1      | qw the Minotaur Hexslinger began the quest for the Orb.
     0 | D:1      | Reached XP level 1. HP: 16/16 MP: 1/1
     0 | D:1      | 0 ||| qw: Version: 0.3-a-46-gb1f654a
     0 | D:1      | 0 ||| qw: Game counter: 3499
     0 | D:1      | 0 ||| qw: Melee chars always use a shield: true
     0 | D:1      | 0 ||| qw: God list: Okawaru
     0 | D:1      | 0 ||| qw: Allow faded altars: false
     0 | D:1      | 0 ||| qw: Do Orc after clearing Dungeon:15 true
     0 | D:1      | 0 ||| qw: Do second Lair branch before Depths: true
     0 | D:1      | 0 ||| qw: Lair rune preference: random
     0 | D:1      | 0 ||| qw: Goals: Normal
     0 | D:1      | 0 ||| PLANNING D:1-11
    30 | D:1      | Found a faded altar of an unknown god.
   254 | D:1      | Reached skill level 3 in Ranged Weapons
   254 | D:1      | Reached XP level 2. HP: 23/23 MP: 2/2
   611 | D:1      | 611 ||| UPGRADING to +0 ring mail.
   621 | D:1      | 621 ||| DROPPING +0 robe.
   622 | D:1      | 622 ||| READING scroll labelled KAMIEFIRAF.
   627 | D:1      | 627 ||| READING scroll labelled RIHACED XOPSO.
   628 | D:1      | 628 ||| READING scroll labelled ALEMNI FUG SOY.
   629 | D:1      | 629 ||| DRINKING 2 viscous ruby potions.
   630 | D:1      | 630 ||| DROPPING scroll of poison.
   631 | D:1      | 631 ||| DROPPING potion of degeneration.
   853 | D:2      | Reached XP level 3. HP: 29/29 MP: 3/3
   999 | D:2      | Reached skill level 4 in Ranged Weapons
  1157 | D:2      | Found Poang's Antique Armour Boutique.
  1164 | D:2      | 1164 ||| BUYING glowing robe (81 gold).
  1164 | D:2      | Bought a glowing robe for 81 gold pieces
  1164 | D:2      | 1164 ||| SHOPLISTING pair of glowing gloves (165 gold, have
                  | 30).
  1164 | D:2      | 1164 ||| SHOPLISTING shadowed robe (125 gold, have 30).
  1380 | D:2      | Reached skill level 1 in Armour
  1619 | D:2      | 1619 ||| UPGRADING to +1 robe of willpower.
  1629 | D:2      | 1629 ||| READING scroll labelled DYMOUNL ENKOTZ.
  1630 | D:2      | 1630 ||| READING scroll labelled ZOUMIUTIDD.
  1731 | D:2      | 1731 ||| READING 2 scrolls of identify.
  1731 | D:2      | 1731 ||| IDENTIFYING fizzy inky potion
  1732 | D:2      | 1732 ||| DROPPING potion of lignification.
  2183 | D:3      | Reached XP level 4. HP: 36/36 MP: 4/4
  2453 | D:3      | 2453 ||| UPGRADING to +2 leather armour of poison
                  | resistance.
  2463 | D:3      | 2463 ||| DROPPING +0 ring mail.
  2464 | D:3      | 2464 ||| DROPPING +1 robe of willpower.
  2465 | D:3      | 2465 ||| UPGRADING to +1 pair of boots.
  2470 | D:3      | 2470 ||| READING scroll labelled DOGHOE TOFIAPYSK.
  2471 | D:3      | 2471 ||| READING scroll labelled VAXEKHL RESOEHA.
  2472 | D:3      | 2472 ||| DRINKING 2 metallic emerald potions.
  2473 | D:3      | 2473 ||| READING 3 scrolls of identify.
  2473 | D:3      | 2473 ||| IDENTIFYING fuming puce potion
  2474 | D:3      | 2474 ||| READING 2 scrolls of identify.
  2474 | D:3      | 2474 ||| IDENTIFYING fizzy yellow potion
  2475 | D:3      | 2475 ||| DROPPING potion of brilliance.
  2556 | D:4      | Noticed a phantom
  2573 | D:4      | Killed a phantom
  2574 | D:4      | Reached skill level 5 in Ranged Weapons
  2574 | D:4      | Reached XP level 5. HP: 23/41 MP: 5/5
  2739 | D:4      | Found a radiant altar of Vehumet.
  2739 | D:4      | Noticed a frost-covered statue
  2753 | D:4      | Killed a frost-covered statue
  2852 | D:4      | Found a glowing golden altar of the Shining One.
  2900 | D:4      | Noticed Ijyb
  2912 | D:4      | Killed Ijyb
  2913 | D:4      | Reached skill level 3 in Fighting
  2968 | D:4      | Found Yfeidang's Antique Armour Shop.
  2977 | D:4      | 2977 ||| SHOPLISTING shiny ring mail (189 gold, have 148).
  3296 | D:4      | 3296 ||| UPGRADING to +2 hat.
  3301 | D:4      | 3301 ||| UPGRADING to scarf of repulsion.
  3306 | D:4      | 3306 ||| READING 2 scrolls labelled ZOFUKIMUD.
  3307 | D:4      | 3307 ||| DROPPING scroll of fog.
  3330 | D:5      | Entered Level 5 of the Dungeon
  3356 | D:5      | Reached skill level 6 in Ranged Weapons
  3356 | D:5      | Reached XP level 6. HP: 45/51 MP: 6/6
  3401 | D:5      | HP: 13/53 [phantom (2)]
  3408 | D:5      | HP: 7/53 [phantom (2)]
  3580 | D:5      | Found a shimmering altar of Xom.
  3641 | D:5      | Reached skill level 7 in Ranged Weapons
  3675 | D:5      | Found a basalt altar of Yredelemnul.
  3679 | D:5      | Found a blossoming altar of Fedhas.
  3689 | D:5      | Noticed a two-headed ogre
  3697 | D:5      | HP: 4/53 [two-headed ogre/+0 giant spiked club (18)]
  3699 | D:5      | Mangled by a two-headed ogre

Levels and vault maps discovered:
D:1:      eino_arrival_druids_welcome, layout_basic,
          shapermc_ecumenical_altar_mp_ritualfount, minmay_lizard_pond
D:2:      layout_basic, serial_shops, nicolae_shop_hallway_plus
D:3:      layout_loops_ring
D:4:      layout_gridville, vehumet_statue, mainiacjoe_overflow_boulevard,
          serial_shops, shop, uniq_ijyb
D:5:      layout_basic, marbit_many_paths, kennysheep_little_box,
          chequers_temple_overflow_statue_of_worship, temple_hall,
          gammafunk_ghost_abyssal_escape, chequers_jeans, minmay_strange_pillars

Skill      XL: |  1  2  3  4  5  6 |
---------------+-------------------+-----
Ranged Weapons | 3 4 5 6 7 |  7.0
Fighting       | 2 3 4 |  4.4
Armour         | 1 |  1.0
Dodging        | |  2.1
Spellcasting   | |  1.0
Hexes          | |  2.0

Action                     |  1- 3 |  4- 6 || total
---------------------------+-------+-------++-------
   Fire: Sling             |   128 |   165 ||   293
    Use: Scroll            |     6 |     5 ||    11
         Potion            |     1 |     1 ||     2
 Armour: Ring mail         |    17 |       ||    17
         Robe              |     1 |     1 ||     2
         Leather armour    |       |    45 ||    45
  Dodge: Dodged            |    34 |    82 ||   116

Table legend:
 A = Non-vault XP
 B = Vault XP
 C = Vault XP percentage of total XP
 D = Non-vault monster count
 E = Vault monster count
 F = Vault count percentage of total count
                 A         B        C        D         E       F
            +---------+---------+-------+---------+---------+-------
      Total |     610 |      74 |  10.8 |      60 |       8 |  11.8
            +---------+---------+-------+---------+---------+-------
        D:1 |      15 |       6 |  28.6 |       8 |       6 |  42.9
        D:2 |      60 |       0 |   0.0 |      23 |       0 |   0.0
        D:3 |      20 |       0 |   0.0 |      11 |       0 |   0.0
        D:4 |     145 |      68 |  31.9 |      13 |       2 |  13.3
        D:5 |     370 |       0 |   0.0 |       5 |       0 |   0.0
            +---------+---------+-------+---------+---------+-------
